cohdb
Replays
Latest Replays
All Replays
Popular Replays
Top Player Replays
Match Explorer
How It Works
Community
CoH3 Stats
Reddit
Sign in to upload your games and track your stats! →
Sign in with Steam
Match 43875640
Unlisted
Match 43875640
Overview
Messages
Build Orders
End
Vickers Machine Gun Team
Selects Heavy Armor Battlegroup
Royal Engineer Section
Royal Engineer Section
Construct Section Command Post
Vickers Machine Gun Team
Construct Platoon Command Post
6-pounder Anti-tank Gun Team
CMP 15cwt Truck
Forward Retreat Point
Light Vehicle Training
Infantry Training
Construct Company Command Post
Selects Rigorous Vehicle Training
Selects Forward Repair Assembly
Matilda II Heavy Tank
Armored Vehicle Training
Armored Vehicle Training
Foot Guards Section
Foot Guards Section
Selects Churchill Black Prince Heavy Tank
Churchill Black Prince Heavy Tank
Foot Guards Section
Selects Light Vehicle Withdraw and Refit
Selects Radio Net
Radio Net
Foot Guards Section
Serjio Dragonis
2908027075
DirtyDuck
StoneshardLover
MrBiggles
UneXplain
Marauder
cannot compute
0
0
Comments
sign in to comment!
No comments posted yet!